 Dungeon Crawl Stone Soup version 0.31-a0-868-g674d60d6f7 (webtiles) character file.

Game seed: 5394945588765684561

12961 DocEon the Severer (level 11, 0/102 HPs)
             Began as a Minotaur Berserker on Oct 11, 2023.
             Was a High Priest of Trog.
             Slain by an ice devil (3 damage)
             ... in an ice cave.
             The game lasted 00:07:38 (7687 turns).

DocEon the Severer (Minotaur Berserker)             Turns: 7687, Time: 00:07:38

Health: 0/102      AC: 20    Str: 26    XL:     11   Next: 69%
Magic:  10/10      EV:  9    Int:  4    God:    Trog [*****.]
Gold:   246        SH:  5    Dex: 10    Spells: 10/10 levels left

rFire   + . .        y - +3 broad axe (vamp)
rCold   . . .        (no shield)
rNeg    . . .        p - +6 chain mail of the Blessed Realm {Regen+}
rPois   .            (helmet restricted)
rElec   .            (no cloak)
rCorr   .            r - +2 pair of gloves
SInv    +            (no boots)
Will    .....        s - amulet of reflection Stlth
                     e - ring of protection from fire
HPRegen 1.17/turn    h - ring of see invisible
MPRegen 0.12/turn

%: reflection
@: no status effects
A: horns 2, retaliatory headbutt
a: Renounce Religion, Berserk, Trog's Hand, Brothers in Arms


You were in an ice cave.
You worshipped Trog.
Trog was extremely pleased with you.
You visited 1 branch of the dungeon, and saw 11 of its levels.
You also visited: Ice Cave.

You collected 565 gold pieces.
You spent 319 gold pieces at shops.

Inventory:

Hand Weapons
 a - a +1 hand axe of freezing
 y - a +3 vampiric broad axe (weapon)
Missiles
 f - a throwing net
Armour
 p - the +6 chain mail of the Blessed Realm (worn) {Regen+}
   (You bought it in a shop on level 2 of the Dungeon)

   Regen+:    It increases your rate of health regeneration.
 r - a +2 pair of gloves (worn)
Jewellery
 e - a ring of protection from fire (left hand)
 h - a ring of see invisible (right hand)
 k - an amulet of regeneration
 s - an amulet of reflection (around neck)
 w - a ring of flight
 z - an amulet of the acrobat
 A - an amulet of magic regeneration
 F - a +4 ring of protection
Wands
 b - a wand of mindburst (12)
 i - a wand of paralysis (13)
 x - a wand of iceblast (11)
 B - a wand of polymorph (11)
Scrolls
 o - a scroll of vulnerability
 v - 10 scrolls of teleportation
 G - a scroll of poison
 H - a scroll of blinking
 L - a scroll of enchant weapon
 M - a scroll of fear
Potions
 c - 3 potions of heal wounds
 d - 3 potions of brilliance
 g - a potion of attraction
 j - a potion of magic
 l - a potion of mutation
 m - a potion of haste {unknown}
 n - 2 potions of enlightenment
 q - 2 potions of curing
 t - 2 potions of lignification
 u - a potion of resistance {unknown}
 C - 2 potions of berserk rage
 D - 2 potions of degeneration {unknown}
 E - a potion of might {unknown}
 J - a potion of invisibility {unknown}


   Skills:
 * Level 11.5 Fighting
 - Level 18.0 Axes
 + Level 8.3 Armour
 - Level 2.1 Dodging


You had 10 spell levels left.
You didn't know any spells.
Your spell library was empty.

Dungeon Overview and Level Annotations

Branches:
Dungeon (11/15)            Temple (0/1) D:4            Lair (0/5) D:8
  IceCv (1/1)
    Orc: D:9-12

Altars:
Cheibriados
Dithmenos
Elyvilon
Gozag
Hepliaklqana
Makhleb
Okawaru
Qazlal
Sif Muna
Trog
Uskayaw
Vehumet
Xom
Yredelemnul
Zin

Shops:
D:2 [   D:5 !   D:8 :   D:9 *   D:11 ?


Innate Abilities, Weirdness & Mutations

You have a pair of horns on your head.
You reflexively headbutt those who attack you in melee.


Message History

HP restored.
You see here a +0 pair of gloves.
You see here a +2 orcbow of freezing.
An ice devil comes into view.
An ice devil is nearby!
An ice devil comes into view.
There are monsters nearby!
An ice devil comes into view.
The ice devil barely misses you. You furiously retaliate!
You headbutt the ice devil! You barely miss the ice devil.
The ice devil is lightly wounded.
The ice devil closely misses you.
You slice the ice devil!! You headbutt the ice devil!
The ice devil is almost dead.
You hit the ice devil but do no damage.
You hear a shout!
The ice devil hits you but does no damage. x2
You slash the ice devil!
You kill the ice devil!
Trog accepts your kill.
You barely miss the ice devil.
You are engulfed in freezing vapours.
The ice devil hits you. The ice devil freezes you!!
You slice the ice devil!! You headbutt the ice devil.
The ice devil is severely wounded.
You barely miss the ice devil.
You are engulfed in freezing vapours.
You hit the ice devil but do no damage. You headbutt the ice devil.
The ice devil is severely wounded.
You closely miss the ice devil.
You are engulfed in freezing vapours.
The ice devil hits you! The ice devil freezes you!!
* * * LOW HITPOINT WARNING * * *
You block the ice devil's attack.
You are too injured to fight recklessly!
You are engulfed in freezing vapours.
* * * LOW HITPOINT WARNING * * *
The ice devil attacks as it pursues you!
The ice devil closely misses you.
The ice devil attacks as it pursues you!
The ice devil hits you.
You die...

### §○§. ☼§§○§
#§§§§. ###§§°# #
##§☼§# ###
##○4☼############..
##○@4##)..##........
#..###[...........#.
#...##.....##..#####
##..####....##...#
###...###.###...#
##....###....##
###........##
###....### ######


You could see 2 ice devils.

Vanquished Creatures
  Erica (D:8)
  A deep elf pyromancer (D:9)
  2 manticores (D:11)
  Maurice (D:9)
  2 ice statues (IceCv)
  A gargoyle (D:11)
  2 kobold demonologists
  3 ice devils (IceCv)
  2 trolls
  Grinder (D:3)
  Sigmund (D:3)
  A shadow (D:9)
  A dire elephant simulacrum (IceCv)
  A wraith (D:10)
  3 vampires (D:11)
  A wyvern (D:9)
  12 yaks
  Grum (D:8)
  A death yak simulacrum (IceCv)
  2 steam dragons
  3 vampire mosquitoes (D:11)
  A hydra simulacrum (IceCv)
  A water moccasin (D:7)
  A sky beast (D:8)
  3 orc warriors
  A black bear (D:7)
  3 wolves (D:8)
  3 ogres
  2 kobold brigands
  Blork the orc (D:4)
  2 bullfrogs
  3 gnoll sergeants (D:5)
  2 two-headed ogre simulacra (IceCv)
  2 scorpions
  2 cane toad simulacra (IceCv)
  4 wights (D:9)
  6 killer bees (D:9)
  2 howler monkeys (D:6)
  2 jellies
  3 gnoll boudas
  6 hounds
  An orc priest (D:4)
  A sleepcap (D:5)
  5 iguanas
  Ijyb (D:3)
  Natasha (thrice) (D:2)
  8 orc wizards
  2 troll simulacra (IceCv)
  A spriggan simulacrum (IceCv)
  Robin (D:3)
  24 gnolls
  A naga simulacrum (IceCv)
  10 adders
  14 white imps
  2 ufetubi (IceCv)
  5 worms
  A dart slug (D:1)
  24 orcs
  4 endoplasms
  6 giant cockroaches
  11 hobgoblins
  8 jackals
  16 kobolds
  4 quokkas
  6 ball pythons
  4 bats
  3 frilled lizards
  7 goblins
  5 rats
271 creatures vanquished.

Vanquished Creatures (others)
  Psyche (D:8)
  A kobold (D:8)
2 creatures vanquished.

Grand Total: 273 creatures vanquished

Notes
Turn   | Place    | Note
-------+----------+-------------------------------------------
     0 | D:1      | DocEon the Minotaur Berserker began the quest for the Orb.
     0 | D:1      | Reached XP level 1. HP: 19/19 MP: 0/0
    49 | D:1      | Reached skill level 4 in Axes
    99 | D:1      | Reached XP level 2. HP: 24/26 MP: 1/1
   368 | D:1      | Reached ** piety under Trog
   369 | D:1      | Reached skill level 5 in Axes
   535 | D:2      | Reached XP level 3. HP: 31/31 MP: 2/2
   574 | D:2      | Noticed Natasha
   582 | D:2      | Killed Natasha
   658 | D:2      | Reached skill level 6 in Axes
   658 | D:2      | Reached XP level 4. HP: 39/39 MP: 3/3
   675 | D:2      | Found Gidd's Antique Armour Emporium.
   688 | D:2      | Noticed Natasha
   697 | D:2      | Killed Natasha
   798 | D:2      | Noticed Natasha
   802 | D:2      | Killed Natasha
   904 | D:2      | Reached XP level 5. HP: 42/45 MP: 4/4
  1128 | D:2      | Reached skill level 7 in Axes
  1173 | D:3      | Noticed Grinder
  1188 | D:3      | Killed Grinder
  1189 | D:3      | Reached skill level 8 in Axes
  1189 | D:3      | Reached XP level 6. HP: 51/51 MP: 5/5
  1382 | D:3      | Noticed Ijyb
  1382 | D:3      | Paralysed by Ijyb for 4 turns
  1395 | D:3      | Killed Ijyb
  1396 | D:3      | Reached skill level 9 in Axes
  1671 | D:3      | Noticed Robin
  1681 | D:3      | Killed Robin
  1734 | D:3      | Noticed Sigmund
  1752 | D:3      | Killed Sigmund
  1753 | D:3      | Reached skill level 10 in Axes
  1753 | D:3      | Reached XP level 7. HP: 57/57 MP: 6/6
  1841 | D:2      | Bought a faintly glowing chain mail for 199 gold pieces
  1841 | D:2      | Identified the +6 chain mail of the Blessed Realm {Regen+}
                  | (You bought it in a shop on level 2 of the Dungeon)
  1883 | D:4      | Noticed Blork the orc
  1891 | D:4      | Killed Blork the orc
  1931 | D:4      | Found an iron altar of Okawaru.
  1939 | D:4      | Reached *** piety under Trog
  2030 | D:4      | Found a staircase to the Ecumenical Temple.
  2115 | D:4      | Found a hazy altar of Hepliaklqana.
  2449 | D:4      | Found a white marble altar of Elyvilon.
  2710 | D:5      | Entered Level 5 of the Dungeon
  2724 | D:5      | Reached skill level 11 in Axes
  2893 | D:5      | Reached XP level 8. HP: 35/64 MP: 7/7
  2936 | D:5      | Found Haec's Distillery.
  3012 | D:5      | Reached skill level 12 in Axes
  3022 | D:5      | Found a stormy altar of Qazlal.
  3023 | D:5      | Found a bloodstained altar of Trog.
  3218 | D:5      | Reached **** piety under Trog
  3230 | D:5      | Reached skill level 13 in Axes
  3640 | D:5      | Found an opulent altar of Gozag.
  3869 | D:6      | Reached skill level 14 in Axes
  4014 | D:6      | Reached XP level 9. HP: 70/70 MP: 8/8
  4139 | D:6      | Found a shadowy altar of Dithmenos.
  4139 | D:6      | Found a radiant altar of Vehumet.
  4290 | D:6      | Found a hide-covered altar of Uskayaw.
  4317 | D:6      | Found a shimmering blue altar of Sif Muna.
  4589 | D:7      | Reached skill level 15 in Axes
  4728 | D:7      | Identified the +0 scale mail "Hobiotri" {MP-9 Int+2 Dex+9}
  5141 | D:8      | Noticed Psyche
  5151 | D:8      | Noticed Erica
  5156 | D:8      | Noticed Grum
  5161 | D:8      | Killed Grum
  5162 | D:8      | Reached skill level 16 in Axes
  5169 | D:8      | Killed Erica
  5169 | D:8      | Killed Psyche
  5170 | D:8      | Reached skill level 17 in Axes
  5170 | D:8      | Reached XP level 10. HP: 54/77 MP: 9/9
  5239 | D:8      | Found a staircase to the Lair.
  5274 | D:8      | Found Misk's Vocational Training.
  5573 | D:9      | Found Qazisutou's Mayhem Merchandise.
  5625 | D:9      | Reached ***** piety under Trog
  5669 | D:9      | Noticed a deep elf pyromancer
  5676 | D:9      | Killed a deep elf pyromancer
  5684 | D:9      | Reached skill level 18 in Axes
  5749 | D:9      | Noticed Maurice
  5766 | D:9      | Reached skill level 5 in Fighting
  5768 | D:9      | Paralysed by Maurice for 3 turns
  5770 | D:9      | Maurice stole a +4 ring of protection
  5775 | D:9      | Killed Maurice
  5915 | D:9      | Reached skill level 5 in Armour
  6043 | D:9      | Identified the +2 lajatang "Byin" {heavy, Str+6 Dex-2}
                  | (Trog gifted it to you on level 9 of the Dungeon)
  6043 | D:9      | Received a gift from Trog
  6207 | D:9      | Found a burning altar of Makhleb.
  6207 | D:9      | Found a snail-covered altar of Cheibriados.
  6215 | D:9      | Found a basalt altar of Yredelemnul.
  6217 | D:9      | Found a faded altar of an unknown god.
  6219 | D:9      | Found a shimmering altar of Xom.
  6307 | D:10     | Entered Level 10 of the Dungeon
  6377 | D:10     | Reached XP level 11. HP: 70/94 MP: 10/10
  6468 | D:10     | Found a glowing silver altar of Zin.
  7038 | D:11     | Found Uzysala's Magic Scroll Boutique.
  7058 | D:11     | Bought a scroll of blinking for 120 gold pieces
  7260 | D:11     | Reached skill level 10 in Fighting
  7410 | D:11     | Found a frozen archway.
  7436 | IceCv    | Entered an ice cave
  7687 | IceCv    | HP: 2/102 [something (21)]
  7687 | IceCv    | Slain by an ice devil

Illustrated notes

Levels and vault maps discovered:
D:1:      lemuel_arrival_rhombus, layout_basic
D:2:      layout_basic, serial_shops, shop_statue, uniq_natasha
D:3:      layout_loops_cross, minmay_distorted, uniq_ijyb, uniq_robin,
          uniq_grinder, uniq_sigmund
D:4:      layout_loops_ring, okawaru_trees_2, pf_just_have_faith,
          nzn_hepliaklqana_mist_gate, minmay_temple_entry_glassed_door,
          uniq_blork_the_orc
D:5:      layout_cave_pools, nicolae_overflow_hidden_temple, serial_gnoll_camp,
          gnoll_camp_mini_hut, gnoll_camp_mini_sergeant,
          gnoll_camp_mini_loothouse, gnoll_camp_huts_basic,
          gnoll_camp_mini_shop, nicolae_houndstooth_variations
D:6:      layout_basic, mainiacjoe_overflow_two_lobes,
          gammafunk_temple_overflow_elements
D:7:      layout_loops_ring
D:8:      layout_rooms, lair_entry_dummy, serial_bayou_pond_e,
          nicolae_shop_vocational, uniq_grum, uniq_erica, uniq_psyche
D:9:      layout_cave_pools, chequers_temple_overflow_minitemple,
          minmay_shop_mayhem, uniq_maurice
D:10:     layout_long_grid, lemuel_crystal_altar
D:11:     layout_irregular_city, portal_ice_cave_entry_imps, serial_shops,
          nicolae_shop_stone, minmay_misc_feat_diagonals
IceCv:    ice_cave_small_demon

Skill      XL: |  1  2  3  4  5  6  7  8  9 10 11 |
---------------+----------------------------------+-----
Axes           | 4 5 6 8 10 11 14 17 18 | 18.0
Fighting       | 8 11 | 11.5
Armour         | 5 8 |  8.3
Dodging        | |  2.1

Action                     |  1- 3 |  4- 6 |  7- 9 | 10-12 || total
---------------------------+-------+-------+-------+-------++-------
  Melee: Hand axe          |    49 |    88 |   147 |       ||   284
         Headbutt          |     8 |    11 |    56 |    58 ||   133
         Punch             |     1 |       |     2 |     4 ||     7
         Broad axe         |       |       |   118 |   266 ||   384
 Invoke: Berserk           |       |     3 |     1 |     3 ||     7
         Trog's Hand       |       |     1 |     1 |       ||     2
    Use: Scroll            |       |     6 |    11 |     5 ||    22
   Stab: Sleeping          |     1 |       |       |       ||     1
 Armour: Animal skin       |    17 |    31 |       |       ||    48
         Chain mail        |       |       |   169 |   204 ||   373
  Dodge: Dodged            |    37 |    56 |    85 |   109 ||   287
  Block: Other             |       |       |    55 |    37 ||    92
         Reflection        |       |       |     2 |     2 ||     4

Table legend: (Time is in decaauts)
 A = Elapsed time spent in this place.
 B = Non-inter-level travel time spent in this place.
 C = Inter-level travel time spent in this place.
 D = Time resting spent in this place.
 E = Time spent auto-exploring this place.
 F = Levels seen in this place.
 G = Mean time per level.
                   A        B        C        D        E       F      G
               +--------+--------+--------+--------+--------+-----+--------+
         Total |   7637 |   7235 |    402 |    623 |   5125 |  12 |  636.4 |
       Dungeon |   7391 |   6989 |    402 |    526 |   5084 |  11 |  671.9 |
      Ice Cave |    246 |    246 |      0 |     97 |     41 |   1 |  246.0 |
               +--------+--------+--------+--------+--------+-----+--------+

Top non-repeatable levels by time:
     D:6: 883 daAuts
     D:4: 861 daAuts
     D:5: 772 daAuts
     D:3: 757 daAuts
     D:9: 737 daAuts
    D:10: 723 daAuts
     D:2: 690 daAuts
     D:1: 586 daAuts
     D:7: 582 daAuts
     D:8: 415 daAuts
    D:11: 380 daAuts
   IceCv: 246 daAuts
